 Dungeon Crawl Stone Soup version 0.29-a0-234-g0dae59b3db (webtiles) character file.

Game seed: 11886049690433594761

44 drugrobin the Chopper (level 3, -7/30 HPs)
             Began as a Demigod Fighter on Mar 3, 2022.
             Killed by divine providence
             ... invoked by an orc priest
              (12 damage)
             ... on level 2 of the Dungeon.
             The game lasted 00:03:55 (1553 turns).

drugrobin the Chopper (Demigod Fighter)             Turns: 1553, Time: 00:03:56

Health: -7/30      AC:  6    Str: 21    XL:     3   Next: 23%
Magic:  5/5        EV:  9    Int: 10    God:
Gold:   51         SH:  4    Dex: 13    Spells: 2/2 levels left

rFire   . . .      SeeInvis .   a - +0 war axe
rCold   . . .      Faith    .   c - +0 buckler
rNeg    . . .      Spirit   .   o - +0 scale mail
rPois   .          Reflect  .   (no helmet)
rElec   .          Harm     .   (no cloak)
rCorr   .          Rampage  .   (no gloves)
Will    .....                   (no boots)
Stlth   ..........              (no amulet)
HPRegen 0.10/turn               (no ring)
MPRegen 0.09/turn               (no ring)

@: no status effects
A: high MP 1, forlorn, divine attributes
a: no special abilities


You were on level 2 of the Dungeon.
You visited 1 branch of the dungeon, and saw 2 of its levels.

You collected 135 gold pieces.
You spent 84 gold pieces at shops.

Inventory:

Hand Weapons
 a - a +0 war axe (weapon)
 b - a +1 dagger of venom
Missiles
 k - 2 javelins (quivered)
 l - 4 poisoned darts
 n - 103 stones
Armour
 c - a +0 buckler (worn)
 o - a +0 scale mail (worn)
Scrolls
 f - 2 scrolls of identify {unknown}
 g - a scroll of torment {unknown}
 h - 2 scrolls of teleportation
 p - 2 scrolls of immolation
 q - a scroll of enchant weapon {unknown}
Potions
 d - a potion of might
 e - a potion of flight {unknown}
 i - 2 potions of curing {unknown}
 j - a potion of lignification {unknown}
 m - a potion of heal wounds {unknown}


   Skills:
 - Level 2.6 Fighting
 + Level 3.5 Axes
 - Level 2.6 Armour
 - Level 2.6 Shields


You had 2 spell levels left.
You didn't know any spells.
Your spell library contained the following spells:

 Spells                   Type           Power      Damage    Failure   Level
 Magic Dart               Conj           0%         1d3       80%         1
 Searing Ray              Conj           0%         2d4       91%         2
 Fulminant Prism          Conj/Hex       0%         3d6       100%        4


Dungeon Overview and Level Annotations

Branches:
Dungeon (2/15)

Shops:
D:1 (   D:2 (?[

Annotations:
D:2 Sigmund


Innate Abilities, Weirdness & Mutations

You have an increased reservoir of magic. (+10% MP)
You shall have no god before yourself.
Your divine heritage dramatically boosts your attributes as you level up.


Message History

You closely miss the orc priest. The orc priest closely misses you.
You closely miss the orc priest. The orc priest barely misses you.
You barely miss the orc priest. You block the orc priest's attack.
You hit the orc priest.
The orc priest is poisoned.
The orc priest is moderately wounded.
The orc priest calls down the wrath of Beogh upon you.
Beogh smites you!
Ouch! That really hurt!
* * * LOW HITPOINT WARNING * * *
You hit the orc priest.
The orc priest is heavily wounded.
The orc priest hits you with a +0 hand axe.
* * * LOW HITPOINT WARNING * * *
Unknown command.
Unknown command.
Unknown command.
You barely miss the orc priest.
The orc priest is heavily wounded.
The orc priest hits you but does no damage.
Unknown command.
Unknown command.
Unknown command.
Unknown command.
Unknown command.
Your +1 dagger of venom stops dripping with poison.
a - a +0 war axe (weapon)
The orc priest looks braver for a moment.
Unknown command.
You barely miss the orc priest.
The orc priest is heavily wounded.
The orc priest hits you but does no damage.
Unknown command.
Unknown command.
Unknown command.
Unknown command.
You barely miss the orc priest.
The orc priest is severely wounded.
The orc priest calls down the wrath of Beogh upon you.
Beogh smites you!
You die...

#+#..########... ####
#.#⌠.......##...
..>+###.###......++...
#..+..∩..+......##...
..###.###.<....##... #
+.⌠#.#.....>..''... #.#.
#..#'#........##∩..
#.#.###....)).......#####
........@############
###....o.### .'......'.#
##......#.#
#.###....#.####### #..#
'.............
#..######.......... #
..#...............
#.##.#.###...........


You could see an orc priest (very poisoned).

Vanquished Creatures
  A dart slug (D:1)
  4 orcs
  4 bats
  4 endoplasms
  A giant cockroach (D:1)
  4 goblins (D:1)
  2 hobgoblins (D:1)
  A kobold (D:1)
  3 quokkas
  4 ball pythons
  3 frilled lizards (D:1)
  3 rats
34 creatures vanquished.

Notes
Turn   | Place    | Note
-------+----------+-------------------------------------------
     0 | D:1      | drugrobin the Demigod Fighter began the quest for the Orb.
     0 | D:1      | Reached XP level 1. HP: 18/18 MP: 3/3
    60 | D:1      | Reached skill level 2 in Axes
   156 | D:1      | Reached XP level 2. HP: 20/25 MP: 4/4
   296 | D:1      | Found Defotua's Weapon Shop.
   565 | D:1      | Reached skill level 3 in Axes
  1028 | D:2      | Found Riasepp's Weapon Shop.
  1036 | D:2      | Noticed Sigmund
  1291 | D:1      | Reached XP level 3. HP: 25/30 MP: 5/5
  1401 | D:2      | Found Jipnitid's Armour Emporium.
  1487 | D:2      | Found Ate Xyts's Magic Scroll Emporium.
  1507 | D:2      | Bought a scroll of teleportation for 39 gold pieces
  1507 | D:2      | Bought a scroll of immolation for 45 gold pieces
  1553 | D:2      | Killed from afar by an orc priest

Illustrated notes

Levels and vault maps discovered:
D:1:      wander_arrival_estate, layout_basic, serial_shops,
          nicolae_diamond_shop, interstate_on_off
D:2:      layout_basic, serial_shops, shop, nicolae_shop_hallway_plus,
          shop_scrolls, nicolae_shop_window_shopping, nicolae_shop_crystal,
          uniq_sigmund

Skill      XL: |  1  2 |
---------------+-------+-----
Axes           | 2 3 |  3.5
Fighting       | |  2.6
Armour         | |  2.6
Shields        | |  2.6

Action                   || total
-------------------------++-------
Melee: War axe           ||    68
       Dagger            ||    29
Armor: Scale mail        ||    63
Dodge: Dodged            ||    33
Block: Buckler           ||    23

Table legend: (Time is in decaauts)
 A = Elapsed time spent in this place.
 B = Non-inter-level travel time spent in this place.
 C = Inter-level travel time spent in this place.
 D = Time resting spent in this place.
 E = Time spent auto-exploring this place.
 F = Levels seen in this place.
 G = Mean time per level.
                   A        B        C        D        E       F      G
               +--------+--------+--------+--------+--------+-----+--------+
         Total |   1582 |   1522 |     60 |    266 |    911 |   2 |  791.0 |
       Dungeon |   1582 |   1522 |     60 |    266 |    911 |   2 |  791.0 |
               +--------+--------+--------+--------+--------+-----+--------+

Top non-repeatable levels by time:
     D:1: 1306 daAuts
     D:2: 276 daAuts
